 Dungeon Crawl Stone Soup version 0.17-a0-1685-g57e755e (webtiles) character file.

39 Gorice the Grave Robber (level 3, 0/27 HPs)
             Began as a Mummy Wanderer on Aug 19, 2015.
             Slain by Natasha (3 damage)
             ... on level 2 of the Dungeon.
             The game lasted 00:07:20 (1556 turns).

Gorice the Grave Robber (Mummy Wanderer)            Turns: 1556, Time: 00:07:20

Health: 0/27       AC:  9    Str: 16    XL:     3   Next: 28%
Magic:  1/7        EV: 10    Int: 13    God:
Gold:   82         SH:  0    Dex:  9    Spells: 1 memorised, 7 levels left

rFire  x . .     SeeInvis .     a - +2 dagger
rCold  + . .     Clarity  .     f - +4 ring mail
rNeg   + + +     SustAt   .     (no shield)
rPois  ∞         Gourm    .     (no helmet)
rElec  .         Spirit   .     (no cloak)
rCorr  .         Warding  .     (no gloves)
rMut   .         Stasis   .     (no boots)
MR     .....                    (no amulet)
Stlth  +.........               (no ring)
                                m - ring of invisibility

@: very slightly contaminated, not resistant to hostile enchantments, very
unstealthy
A: no food or potions, fire vulnerability, cold resistance 1, negative energy
resistance 3, torment resistance, unbreathing
a: Evoke Invisibility


You were on level 2 of the Dungeon.
You were not hungry.

You visited 1 branch of the dungeon, and saw 2 of its levels.

You collected 82 gold pieces.

Inventory:

Hand weapons
 a - a +2 dagger (weapon)
 o - a +5 dagger
Missiles
 g - 27 bolts
 h - 23 sling bullets
 Z - 61 stones (quivered)
Armour
 e - a +0 robe
 f - a +4 ring mail (worn)
Jewellery
 m - a ring of invisibility (left hand)
Scrolls
 i - a scroll of immolation {unknown}
 j - a scroll of recharging {unknown}
 k - 2 scrolls of noise {unknown}
 l - a scroll of identify {unknown}
 n - a scroll of fog {unknown}
Books
 c - the Reference Book on the Escort

   Spells                             Type                      Level
   a - Summon Butterflies             Summoning                    1
   b - Summon Guardian Golem          Hexes/Summoning              3
 d - Olgreb's Guide on Poisoning

   Spells                             Type                      Level
   a - Sting                          Conjuration/Poison           1
   b - Ignite Poison                  Fire/Transmutation/Poison    3


   Skills:
 + Level 2.2 Fighting
 - Level 1.0 Stealth
 - Level 3.0 Spellcasting
 + Level 1.3 Conjurations
   Level 3.0 Necromancy
 - Level 1.5 Poison Magic
 - Level 1.0 Evocations


You had 7 spell levels left.
You knew the following spells:

 Your Spells              Type           Power        Failure   Level  Hunger
a - Sting                 Conj/Pois      #...         28%         1    N/A

Dungeon Overview and Level Annotations

Branches:
Dungeon (2/15)

Altars:
Kikubaaqudgha

Annotations:
D:2 Natasha


Innate Abilities, Weirdness & Mutations

You do not eat or drink.
Your flesh is vulnerable to fire.
You are immune to poison.
Your flesh is cold resistant.
You are immune to negative energy.
You are immune to unholy pain and torment.
You can survive without breathing.


Message History

Aiming: Sting
Press: ? - help, Shift-Dir - straight line, f/p - Natasha
Aim: Natasha (moderately wounded)
You miscast Sting.
Your skin tingles.
Natasha claws you but does no damage.
The shadow imp shouts, "Escape, thou gleeking corpse-like bugbear!"
Natasha claws you but does no damage.
Casting: Sting
Confirm with . or Enter, or press ? or * to list all spells.
Aiming: Sting
Press: ? - help, Shift-Dir - straight line, f/p - Natasha
Aim: Natasha (moderately wounded)
The sting misses Natasha.
The shadow imp disappears in a puff of smoke!
Natasha claws you.
* * * LOW HITPOINT WARNING * * *
Damage: 4 (max 6) Unknown command.
Read which item? (? for menu, Esc to quit)
Blink to where?
Press: ? - help, Dir - move target cursor, p - Natasha
As you read the scroll of blinking, it crumbles to dust.
You aren't carrying any items that can be evoked.
Casting: Sting
Confirm with . or Enter, or press ? or * to list all spells.
Aiming: Sting
Press: ? - help, Shift-Dir - straight line, f - Natasha
Aim: Natasha (lightly wounded)
The sting misses Natasha.
You closely miss Natasha.
Natasha is lightly wounded.
Natasha closely misses you. Natasha claws you but does no damage.
You barely miss Natasha.
Natasha is lightly wounded.
Natasha claws you but does no damage. The hobgoblin hits you.
* * * LOW HITPOINT WARNING * * *
Damage: 1 (max 6)
You hit Natasha but do no damage.
Natasha is lightly wounded.
You feel yourself speed up. Natasha misses you.
The hobgoblin barely misses you. Natasha barely misses you.
The hobgoblin hits you but does no damage.
You closely miss Natasha.
Natasha is lightly wounded.
Natasha claws you.
* * * LOW HITPOINT WARNING * * *
The hobgoblin hits you but does no damage.
You completely miss Natasha.
Natasha is lightly wounded.
Natasha claws you.
You die...

#..........# #..........#
#.........# #.......).#
#.........# #
#.)....!h§######.####
##...#####.g......... ##gh#
#§###....?.. #.@# #.# #)......
#..# #.# ......## #..# ..#
........
################.##.#####........
.............................?...
################>...#####........
######


You could see Natasha and a hobgoblin.

Vanquished Creatures
  2 giant geckos (D:1)
  5 bats (D:1)
  A giant cockroach (D:1)
  5 goblins
  9 hobgoblins
  5 jackals (D:1)
  2 kobolds (D:1)
  A giant newt (D:1)
  A rat (D:1)
  A fungus (D:1)
32 creatures vanquished.

Notes
Turn   | Place    | Note
--------------------------------------------------------------
     0 | D:1      | Gorice the Mummy Wanderer began the quest for the Orb.
     0 | D:1      | Gorice set off with: a +2 dagger, a scroll of blinking, the Reference Book on the Escort, Olgreb's Guide on Poisoning, a +0 robe
     0 | D:1      | Reached XP level 1. HP: 13/13 MP: 4/4
     0 | D:1      | Identified the Reference Book on the Escort
     0 | D:1      | Identified Olgreb's Guide on Poisoning
     6 | D:1      | Learned a level 1 spell: Sting
    11 | D:1      | You fall through a shaft!
   178 | D:1      | Reached skill level 1 in Fighting
   180 | D:1      | Reached XP level 2. HP: 12/21 MP: 6/6
   359 | D:1      | Reached skill level 1 in Conjurations
   670 | D:1      | Reached skill level 2 in Fighting
   670 | D:1      | Reached XP level 3. HP: 19/27 MP: 4/7
  1453 | D:2      | Found an ancient bone altar of Kikubaaqudgha.
  1533 | D:2      | Noticed Natasha
  1545 | D:2      | HP: 7/27 [Natasha/magic dart (6)]
  1547 | D:2      | HP: 3/27 [Natasha (4)]
  1553 | D:2      | HP: 3/27 [hobgoblin (1)]
  1556 | D:2      | Slain by Natasha

Vault maps used:
D:1:      dpeg_cavernosity
D:2:      kiku_gazebo_pond_becter, uniq_natasha

Action                   || total
-------------------------++-------
Melee: Dagger            ||   156
Throw: Stone             ||     3
 Cast: Sting             ||    13
  Use: Scroll            ||     1

Table legend:
 A = Turns spent in this place as a percentage of turns spent in the entire game.
 B = Non-inter-level travel turns spent in this place as a percentage of non-inter-level travel turns spent in the entire game.
 C = Inter-level travel turns spent in this place as a percentage of turns spent in this place.
 D = Turns resting spent in this place as a percentage of non-inter-level travel turns spent in this place.
 E = Turns spent auto-exploring this place as a percentage of non-inter-level travel turns spent in this place.
 F = Non-inter-level travel turns spent in this place divided by the number of levels of this place that you've seen.
                   A       B       C       D       E      F
               +-------+-------+-------+-------+-------+----------------------
         Total | 100.0 | 100.0 |   0.4 |   2.1 |   6.6 | 235.5
       Dungeon | 100.0 | 100.0 |   0.4 |   2.1 |   6.6 | 235.5
               +-------+-------+-------+-------+-------+----------------------

Vault maps used:
D:1:      dpeg_cavernosity
D:2:      kiku_gazebo_pond_becter, uniq_natasha
